AoeStats
← TR-68

MegaRandom

508752876Analyzed
4v4 RM · 9d ago on Sep 23, 2026· 73m 6s· 8 players
Game mode
Random Map
Map size
Large (8 player)
Population
200
Speed
Normal
Resources
Standard
Victory
Conquest
Starting age
Dark Age
Ending age
Imperial Age
RankedLock teamsTeams togetherTeam positionsShared explorationLock speedFull tech treeHidden civsTurbo modeCheats
Victory
Defeat
🇳🇱 Mongols · Netherlands
944
+14
🇹🇷 Dravidians · Türkiye
873
+17
🇳🇱 Vietnamese · Netherlands
726
+23
🇳🇱 Turks · Netherlands
705
+24
🇨🇳 Burgundians · China
917
-21
🇪🇸 Celts · Spain
896
-20
🇦🇷 Muisca · Argentina
881
-19
🇹🇷 Turks · Türkiye
844
-36
İlhan
12:19 Feudal Age
14:03 Double-Bit Axe
18:36 Loom
23:40 Castle Age
33:35 Bloodlines
34:37 Wheelbarrow
33:48 Town Watch
38:54 Bow Saw
39:55 Town Watch
43:08 Husbandry
44:20 Scale Barding Armor
45:41 Chain Barding Armor
45:55 Hand Cart
45:41 Town Patrol
45:57 Hand Cart
46:05 Hand Cart
45:51 Town Patrol
52:51 Imperial Age
67:13 Elite Janissary
Carapenev420
6:11 Loom
13:34 Feudal Age
21:13 Castle Age
20:11 Padded Archer Armor
23:46 Wheelbarrow
22:57 Town Watch
23:20 Horse Collar
23:29 Double-Bit Axe
23:40 Stone Mining
25:51 Stone Shaft Mining
26:57 Bow Saw
27:04 Heavy Plow
27:11 Pikeman
31:19 Forging
31:00 Fletching
31:11 Scale Mail Armor
32:35 Hand Cart
32:33 Gold Mining
38:44 Imperial Age
36:19 Town Patrol
37:29 Chain Mail Armor
37:57 Gold Shaft Mining
38:29 Elite Skirmisher
38:57 Capped Ram
41:04 Iron Casting
42:27 Halberdier
47:21 Onager
47:23 Siege Ram
49:31 Elite Woad Raider
51:32 Siege Onager
53:31 Leather Archer Armor
68:51 Ballistics
69:34 Chemistry
69:08 Ring Archer Armor
68:34 Bodkin Arrow
abcd312
0:31 Loom
11:34 Feudal Age
12:09 Double-Bit Axe
13:11 Wheelbarrow
14:38 Horse Collar
16:02 Heavy Plow
20:56 Stone Mining
21:45 Town Watch
24:16 Castle Age
22:58 Stone Shaft Mining
24:49 Light Cavalry
25:30 Husbandry
26:00 Cavalier
27:25 Scale Barding Armor
27:32 Forging
30:24 Gold Mining
34:37 Hand Cart
35:16 Gold Shaft Mining
41:25 Imperial Age
41:41 Capped Ram
41:50 Pikeman
42:30 Squires
42:16 Arson
44:41 Burgundian Vineyards
45:12 Hoardings
46:00 Fortified Wall
46:51 Chemistry
46:01 Masonry
45:44 Halberdier
48:46 Iron Casting
54:18 Architecture
55:22 Treadmill Crane
59:18 Scale Mail Armor
61:43 Man-at-Arms
63:38 Elite Skirmisher
65:38 Hussar
Ultra cogolloo
1:27 Loom
12:49 Feudal Age
14:05 Wheelbarrow
13:13 Horse Collar
13:21 Double-Bit Axe
14:27 Gold Mining
19:50 Castle Age
19:50 Fletching
23:56 Bow Saw
25:07 Elite Skirmisher
27:23 Padded Archer Armor
33:02 Hand Cart
32:40 Crossbowman
38:28 Imperial Age
37:04 Ballistics
38:52 Thumb Ring
40:32 Chemistry
39:57 Bodkin Arrow
40:17 Leather Archer Armor
40:13 Forging
40:04 Scale Mail Armor
41:28 Capped Ram
42:08 Arbalester
44:53 Elite Temple Guard
46:19 Iron Casting
45:45 Bracer
46:02 Chain Mail Armor
57:56 Plate Mail Armor
70:15 Pikeman
KonyaCity42
1:50 Loom
2:48 Loom
3:39 Loom
10:40 Feudal Age
17:17 Double-Bit Axe
20:57 Horse Collar
21:22 Stone Mining
21:50 Gold Mining
23:28 Fletching
26:51 Castle Age
25:18 Man-at-Arms
26:06 Arson
27:06 Forging
32:13 Bow Saw
35:44 Imperial Age
36:24 Caravan
38:39 Heavy Plow
41:19 Two-Man Saw
43:13 Caravan
42:56 Heavy Camel Rider
47:12 Gold Shaft Mining
46:45 Long Swordsman
47:55 Squires
48:33 Two-Handed Swordsman
54:12 Wheelbarrow
53:22 Town Watch
57:39 Fervor
61:37 Heavy Scorpion
62:45 Bodkin Arrow
63:37 Murder Holes
65:48 Bracer
67:19 Padded Archer Armor
67:51 Artillery
71:50 Leather Archer Armor
71:57 Thumb Ring
72:30 Elite Janissary
Sands Of Faith
0:28 Loom
13:21 Feudal Age
17:54 Castle Age
16:05 Double-Bit Axe
16:15 Stone Mining
16:08 Horse Collar
18:13 Wheelbarrow
21:26 Bow Saw
24:54 Hand Cart
35:16 Imperial Age
33:13 Gold Mining
33:26 Heavy Plow
34:17 Medical Corps
34:22 Thumb Ring
34:32 Murder Holes
35:01 Caravan
36:02 Fletching
36:13 Padded Archer Armor
36:43 Elite Elephant Archer
39:32 Chemistry
38:53 Ballistics
55:23 Bodkin Arrow
55:43 Leather Archer Armor
58:24 Bracer
58:55 Ring Archer Armor
58:38 Forging
58:29 Scale Mail Armor
58:34 Scale Barding Armor
65:40 Iron Casting
65:21 Chain Mail Armor
65:26 Chain Barding Armor
71:22 Siege Elephant
Feytih38
9:11 Feudal Age
9:20 Loom
9:37 Double-Bit Axe
12:56 Gold Mining
15:00 Fletching
15:10 Padded Archer Armor
14:54 Horse Collar
21:50 Castle Age
21:17 Stone Mining
22:10 Forging
22:05 Scale Barding Armor
23:53 Bow Saw
27:16 Iron Casting
27:01 Chain Barding Armor
26:58 Bloodlines
29:28 Wheelbarrow
29:26 Heavy Plow
29:58 Herbal Medicine
30:49 Leather Archer Armor
32:00 Hand Cart
32:33 Light Cavalry
38:21 Imperial Age
36:43 Nomads
37:20 Ballistics
36:56 Murder Holes
40:48 Blast Furnace
40:09 Chain Barding Armor
39:44 Bodkin Arrow
40:52 Chemistry
39:59 Siege Engineers
40:18 Conscription
40:20 Drill
40:07 Thumb Ring
41:10 Elite Mangudai
41:59 Capped Ram
43:13 Parthian Tactics
46:39 Caravan
47:37 Siege Ram
53:44 Husbandry
54:16 Bracer
55:19 Hoardings
54:44 Hussar
TR-68
1:10 Loom
12:04 Feudal Age
13:51 Double-Bit Axe
17:56 Fletching
18:07 Padded Archer Armor
26:05 Castle Age
36:19 Elite Skirmisher
41:21 Bodkin Arrow
51:33 Man-at-Arms
54:07 Horse Collar
54:44 Bow Saw
55:35 Scale Mail Armor
61:29 Heavy Plow
63:37 Husbandry
64:47 Scale Barding Armor
Connection lost

Rejoining the realm…

Still unreachable

The connection could not be restored.

Session expired

The server has moved on; the page needs a fresh start.